 Dungeon Crawl Stone Soup version 0.23.2-40-g277498a001 (webtiles) character file.

Game seed: 17106506912297164492

0 MalarOregon the Caller (level 1, -1/13 HPs)
             Began as a Merfolk Summoner on Aug 26, 2019.
             Slain by a leopard gecko (5 damage)
             ... on level 1 of the Dungeon.
             The game lasted 00:00:19 (80 turns).

MalarOregon the Caller (Merfolk Summoner)             Turns: 80, Time: 00:00:19

Health: -1/13      AC:  2    Str:  8    XL:     1   Next: 10%
Magic:  0/3        EV: 13    Int: 14    God:
Gold:   0          SH:  0    Dex: 14    Spells: 3/4 levels left

rFire    . . .     SeeInvis .   (no weapon)
rCold    . . .     Gourm    .   (no shield)
rNeg     . . .     Faith    .   a - +0 robe
rPois    .         Spirit   .   (no helmet)
rElec    .         Reflect  .   (no cloak)
rCorr    .         Harm     .   (no gloves)
MR       .....                  (no boots)
Stlth    ++........             (no amulet)
HPRegen  0.04/turn              (no ring)
MPRegen  0.08/turn              (no ring)

@: very slightly contaminated
A: change form in water, swift swim, stealthy swim
a: no special abilities


You were on level 1 of the Dungeon.
You were not hungry.

You visited 1 branch of the dungeon, and saw 1 of its levels.

Inventory:

Armour
 a - a +0 robe (worn)
Scrolls
 b - a scroll of amnesia {unknown}
Potions
 c - a potion of mutation {unknown}
Comestibles
 e - a ration {!d}


   Skills:
 + Level 0.0 Fighting
 + Level 2.7 Dodging
 + Level 2.2 Stealth
 + Level 2.0 Spellcasting
 + Level 4.0 Summonings


You had 3 spell levels left.
You knew the following spells:

 Your Spells              Type           Power        Failure   Level  Hunger
a - Summon Small Mammal   Summ           ##..         4%          1    ##.....

Your spell library contained the following spells:

 Spells                   Type           Power        Failure   Level  Hunger
 Call Imp                 Summ           ##......     7%          2    ###....
 Call Canine Familiar     Summ           ##......     14%         3    ####...
 Summon Guardian Golem    Hex/Summ       #.......     30%         3    ####...
 Summon Ice Beast         Ice/Summ       #.......     71%         4    #####..
 Summon Lightning Spire   Summ/Air       #.......     71%         4    #####..


Dungeon Overview and Level Annotations

Branches:
Dungeon (1/15)

Altars:


Message History

Found a scroll labeled SACEMU SYLOYCW.
Found a staircase leading out of the dungeon.
b - a scroll labeled SACEMU SYLOYCW
Found a dark potion.
A frilled lizard comes into view.
The frilled lizard hisses angrily.
Your bat barely misses the frilled lizard.
Your bat completely misses the frilled lizard.
Your bat hits the frilled lizard.
The frilled lizard barely misses your bat.
Your bat completely misses the frilled lizard.
The frilled lizard closely misses your bat.
Your bat hits the frilled lizard.
The frilled lizard dies!
No target in view!
No target in view!
You start resting.
Your bat disappears in a puff of smoke!
Your rat disappears in a puff of smoke!
Your bat disappears in a puff of smoke!
c - a dark potion You open the door.
There is an open door here.
Found 14 sling bullets.
You open the door.
Found a stone staircase leading down.
There is an open door here.
An ooze comes into view.
An ooze is nearby!
A leopard gecko comes into view.
The leopard gecko hisses angrily.
The leopard gecko bites you. The leopard gecko bites you.
The leopard gecko closely misses you.
Your rat barely misses the leopard gecko.
You miscast Summon Small Mammal.
You are very lightly contaminated with residual magic.
Nothing appears to happen.
The leopard gecko barely misses you.
Your rat barely misses the leopard gecko.
You swap places.
Your quokka closely misses the leopard gecko.
The leopard gecko bites you.
* * * LOW HITPOINT WARNING * * *
The ooze quivers.
Your quokka closely misses the leopard gecko.
Your quokka bites the leopard gecko.
There is an open door here.
The leopard gecko bites you but does no damage.
You barely miss the leopard gecko. The leopard gecko bites you.
You die...

##+# ###.......##
##...## #........##
##.....###.###....#
##.......##.###..#.#
#.........#.##...#.##
+.........'...........
#.........#.#....#.###
#(......##........#
##....@#####.######
##..l## #.# ##r## #.#
#r# #.# #.# #.#
...#####.### #.#
#......J..# .#
#......>..#
#.........#


You could see a leopard gecko, a friendly quokka and a friendly rat.

Vanquished Creatures (collateral kills)
  A frilled lizard (D:1)
1 creature vanquished.

Notes
Turn   | Place    | Note
-------+----------+-------------------------------------------
     0 | D:1      | MalarOregon the Merfolk Summoner began the quest for the
                  | Orb.
     0 | D:1      | Reached XP level 1. HP: 13/13 MP: 3/3
    80 | D:1      | Slain by a leopard gecko

Action                   || total
-------------------------++-------
Melee: Unarmed           ||     1
 Cast: Summon Small Mamm ||     5
Armor: Robe              ||     1
Dodge: Dodged            ||     2
